 Dungeon Crawl Stone Soup version 0.17-a0-1921-g56e792d (webtiles) character file.

58 prog the Gusty (level 3, 0/21 HPs)
             Began as a High Elf Air Elementalist on Sept 27, 2015.
             Succumbed to Terence's poison
             ... on level 2 of the Dungeon.
             The game lasted 00:10:56 (1225 turns).

prog the Gusty (High Elf Air Elementalist)          Turns: 1225, Time: 00:10:56

Health: 0/21       AC:  0    Str: 15    XL:     3   Next: 75%
Magic:  7/8        EV: 13    Int: 18    God:
Gold:   40         SH:  0    Dex: 16    Spells: 1 memorised, 7 levels left

rFire  . . .     SeeInvis .     d - +2 short sword (drain)
rCold  . . .     Clarity  .     (no armour)
rNeg   . . .     SustAt   .     (no shield)
rPois  .         Gourm    .     (no helmet)
rElec  .         Spirit   .     (no cloak)
rCorr  .         Warding  .     (no gloves)
rMut   .         Stasis   .     (no boots)
MR     .....                    (no amulet)
Stlth  ++........               (no ring)
                                e - +2 ring of strength

@: mighty, lethally poisoned (0 -> -2), not resistant to hostile enchantments,
unstealthy
A: no striking features
a: no special abilities


You were on level 2 of the Dungeon.
You were not hungry.

You visited 1 branch of the dungeon, and saw 2 of its levels.

You collected 40 gold pieces.

Inventory:

Hand weapons
 d - a +2 short sword of draining (weapon)
Armour
 a - a +0 robe
 f - a +1 scale mail of cold resistance
Jewellery
 e - a +2 ring of strength (left hand)
Books
 b - a book of Air

   Spells                             Type                      Level
   a - Shock                          Conjuration/Air              1
   b - Swiftness                      Charms/Air                   2
   c - Repel Missiles                 Charms/Air                   2
   d - Static Discharge               Conjuration/Air              3
   e - Lightning Bolt                 Conjuration/Air              5
Comestibles
 c - a bread ration
 g - a meat ration


   Skills:
 + Level 1.3 Short Blades
 * Level 1.3 Armour
 - Level 2.1 Dodging
 - Level 2.1 Stealth
 + Level 3.0 Spellcasting
 + Level 1.9 Conjurations
 + Level 4.1 Air Magic


You had 7 spell levels left.
You knew the following spells:

 Your Spells              Type           Power        Failure   Level  Hunger
a - Shock                 Conj/Air       ##..         6%          1    None


Dungeon Overview and Level Annotations

Branches:
Dungeon (2/15)

Altars:

Annotations:
D:2 Sigmund


Message History

* * * LOW HITPOINT WARNING * * *
You feel sick.
Items here: ) / [ † a flail of venom; a shiny scale mail; a wand of polymorph {empty} the human corpse of Terence
f - a shiny scale mail You start removing your armour.
You continue taking off your +0 robe.
Keep disrobing?
Uppercase [Y]es or [N]o only, please.
Keep disrobing?
* * * LOW HITPOINT WARNING * * *
You feel sick.
You continue taking off your +0 robe. x3
You finish taking off your +0 robe.
Unknown command.
* * * LOW HITPOINT WARNING * * *
You feel sick.
You start putting on your armour.
You continue putting on your shiny scale mail. x3
You die...

###.#####.##.... .
#.#.##..#####.##.. . .#
#.............##.#
####.##
###..#.#.#######.##
....... ###.##.##.#
#...# .......
.....#.#.##
#...######...#.## ###
#...##
#<............... #
##.##
#####...#####........ .
#.
###..†..@.....#...?..#.
# ..
..).....)..............
##.
###.....[.....#.#..#...
.. #####...#####.#..#
.. ## #......)....... .
#...#######..... #...#
.##..# ##.## . ... #.#
.#


There were no monsters in sight!

Vanquished Creatures
  Terence (D:2)
  A gnoll (D:2)
  2 oozes (D:1)
  2 giant cockroaches (D:1)
  5 goblins (D:1)
  2 hobgoblins
  2 giant newts (D:1)
  A kobold (D:1)
  3 rats
19 creatures vanquished.

Notes
Turn   | Place    | Note
--------------------------------------------------------------
     0 | D:1      | prog the High Elf Air Elementalist began the quest for the Orb.
     0 | D:1      | Reached XP level 1. HP: 11/11 MP: 4/4
   360 | D:1      | Reached XP level 2. HP: 17/17 MP: 6/6
   887 | D:2      | Reached skill level 1 in Armour
   887 | D:2      | Reached skill level 4 in Air Magic
   887 | D:2      | Reached XP level 3. HP: 13/21 MP: 4/8
  1024 | D:2      | Reached skill level 1 in Short Blades
  1040 | D:2      | Noticed Sigmund
  1140 | D:2      | Noticed Terence
  1212 | D:2      | Killed Terence
  1217 | D:2      | HP: 1/21 [poisoned by Terence]
  1225 | D:2      | Succumbed to Terence's poison

Vault maps used:
D:1:      erik_arrival_gehennom, serial_aquarium, aquarium_bridge_island_small,
          aquarium_bridge_square, aquarium_window_double, aquarium_window_2,
          aquarium_window_2, aquarium_window_corridor_2, aquarium_view_2a,
          aquarium_view_2c
D:2:      nicolae_qazlal_eye_of_the_storm, minmay_misc_feat_iff, uniq_terence,
          uniq_sigmund

Action                   || total
-------------------------++-------
Melee: Short sword       ||    18
       Unarmed           ||    15
 Cast: Shock             ||    22
  Use: Potion            ||     1
 Stab: Sleeping          ||     4
  Eat: Chunk             ||     1
